Map: [ESL] Goldenaura

Players

Nicoract

  • Race: Terran Terran
  • Spawn Location: 5:00

AqueroN - Winner!

  • Race: Terran Terran
  • Spawn Location: 12:00

Event: ESL SC2 Masters 2024 Spring (Regional)

VOD

Have the link to the VOD?

Description

Time

  • Played on: April 12, 2024, 11:01 a.m.
  • Length: 6:41

All games in this series

Show
View Real Time Build Order
Export as new Build Order

Nicoract Terran 

Build Orders:  

Get SALT Encoding   

  12  0:00  SCV  
  13  0:12  SCV  
  14  0:17  Supply Depot  
  14  0:24  SCV  
  15  0:38  SCV  
  15  0:40  Barracks  
  16  0:42  Refinery  
  16  0:50  SCV  
  17  0:59  Barracks  
  17  1:03  SCV  
  18  1:15  SCV  
  19  1:28  Orbital Command, Reaper  
  19  1:31  Supply Depot  
  20  1:46  Reaper  
  21  1:54  SCV  
  22  2:04  Reaper  
  22  2:06  SCV  
  24  2:11  Command Center  
  24  2:18  SCV  
  24  2:22  Reaper  
  25  2:30  SCV, Refinery  
  25  2:35  Supply Depot  
  26  2:41  Reaper  
  26  2:43  SCV  
  28  2:55  SCV  
  29  3:01  Barracks Tech Lab  
  29  3:02  Command Center  
  29  3:07  SCV  
  30  3:13  Barracks Reactor  
  30  3:19  SCV  
  31  3:20  Factory  
  31  3:28  Marine  
  31  3:31  SCV  
  33  3:37  Orbital Command  
  31  3:44  SCV  
  29  3:48  Marine  
  29  3:51  Marine  
  30  4:00  SCV  
  31  4:03  SCV  
  31  4:06  Marine  
  33  4:10  Marine x2  
  33  4:12  SCV  
  33  4:15  SCV  
  37  4:19  Orbital Command  
  36  4:26  Starport  
  36  4:28  Factory Reactor  
  36  4:31  SCV  
  36  4:33  Marine x2  
  36  4:34  Marine  
  36  4:38  SCV  
  41  4:46  SCV x2  
  41  4:50  SCV  
  41  4:51  Marine x2  
  41  4:52  Marine  
  47  4:58  SCV x2  
  48  5:00  Stimpack  
  48  5:05  Supply Depot  
  48  5:06  SCV  
  49  5:09  Marine x2  
  49  5:10  SCV x2, Factory Tech Lab  
  49  5:11  Marine  
  53  5:16  Medivac  
  53  5:17  Medivac  
  54  5:24  SCV x2  
  54  5:26  SCV  
  54  5:28  Marine  
  58  5:29  Marine  
  58  5:34  Siege Tank  
  58  5:35  Marine  
  62  5:45  SCV  
  62  5:46  Marine  
  62  5:47  Marine  
  49  5:52  SCV  
  49  5:53  SCV, Marine  
  45  5:57  SCV  
  45  6:03  Marine  
  45  6:04  SCV  
  48  6:05  Marine  
  48  6:06  SCV  
  48  6:09  SCV  
  48  6:11  Marine  
  52  6:16  SCV  
  52  6:17  Supply Depot  
  52  6:18  SCV  
  54  6:21  SCV, Marine  
  59  6:30  Barracks  
Show
View Real Time Build Order
Export as new Build Order

AqueroN Terran - Winner!

Build Orders: Liberator Opening, Mech 

Get SALT Encoding   

  12  0:00  SCV  
  13  0:12  SCV  
  14  0:16  Supply Depot  
  14  0:24  SCV  
  15  0:38  SCV  
  15  0:40  Barracks  
  16  0:43  Refinery  
  16  0:50  SCV  
  16  0:52  Refinery  
  17  1:02  SCV  
  18  1:14  SCV  
  19  1:26  Reaper  
  19  1:27  Orbital Command  
  19  1:30  Supply Depot  
  20  1:43  Factory  
  20  1:52  SCV  
  21  1:58  Reaper  
  22  2:04  SCV  
  23  2:17  SCV  
  24  2:22  Command Center  
  24  2:28  Hellion  
  26  2:31  SCV  
  26  2:34  Reaper  
  28  2:39  Supply Depot  
  28  2:44  SCV  
  28  2:51  Hellion  
  31  2:55  Starport  
  31  3:00  SCV  
  32  3:08  Barracks Reactor  
  33  3:12  SCV  
  33  3:14  Cyclone  
  35  3:23  Refinery  
  35  3:24  SCV  
  38  3:36  Liberator  
  38  3:37  SCV  
  40  3:44  Marine  
  40  3:45  Marine  
  40  3:47  Orbital Command  
  40  3:49  SCV  
  40  3:57  Factory Tech Lab  
  40  4:01  SCV  
  40  4:02  Marine x2  
  41  4:13  SCV  
  41  4:15  SCV  
  41  4:16  Siege Tank  
  45  4:19  Medivac  
  45  4:20  Marine x2  
  49  4:25  SCV, Supply Depot  
  49  4:27  SCV  
  49  4:29  Supply Depot  
  51  4:37  SCV  
  51  4:38  Marine x2  
  53  4:43  Supply Depot  
  54  4:46  SCV  
  54  4:48  Siege Tank  
  54  4:49  SCV  
  58  5:08  SCV x2  
  58  5:11  Liberator x2  
  66  5:14  Marine  
  66  5:18  Command Center  
  66  5:21  Siege Tank  
  70  5:24  SCV x2  
  69  5:32  Marine  
  70  5:37  Refinery  
  70  5:47  SCV  
  66  5:50  SCV, Marine  
  66  5:57  Viking x2  
  65  5:58  Siege Tank  
  65  5:59  SCV  
  71  6:06  SCV  
  71  6:08  Marine  
  71  6:11  SCV  
  74  6:13  Factory  
  74  6:18  SCV  
  75  6:23  SCV, Factory  
  76  6:27  Supply Depot x2  
  76  6:29  Supply Depot  
  76  6:30  Supply Depot, Bunker  
Tags
 
Add a new tag
Caveats
  • Supply blocks, unpowered buildings, or Contaminate may cause inaccurate times.
  • Supply counts are checked every 10 seconds.